 Dungeon Crawl Stone Soup version 0.31-a0-237-g2d982f9f85 (webtiles) character file.

Game seed: 9516094121631732734

113 qw the Shooter (level 4, -2/36 HPs)
             Began as a Minotaur Hexslinger on July 11, 2023.
             Succumbed to a scorpion's poison
             ... on level 3 of the Dungeon.
             The game lasted 00:00:34 (1614 turns).

qw the Shooter (Minotaur Hexslinger)                Turns: 1614, Time: 00:00:34

Health: -2/36      AC:  2    Str: 13    XL:     4   Next: 65%
Magic:  4/4        EV: 12    Int: 10    God:
Gold:   73         SH:  0    Dex: 14    Spells: 4/5 levels left

rFire   . . .        Y - +2 sling
rCold   . . .        (no shield)
rNeg    . . .        c - +0 robe
rPois   .            (helmet restricted)
rElec   .            (no cloak)
rCorr   .            (no gloves)
SInv    .            (no boots)
Will    .....        (no amulet)
Stlth   +            (no ring)
HPRegen 0.26/turn    (no ring)
MPRegen 0.09/turn

%: no passive effects
@: lethally poisoned (-2 -> -18)
A: horns 2, retaliatory headbutt
a: no special abilities


You were on level 3 of the Dungeon.
You visited 1 branch of the dungeon, and saw 3 of its levels.

You collected 73 gold pieces.


Innate Abilities, Weirdness & Mutations

You have a pair of horns on your head.
You reflexively headbutt those who attack you in melee.


   Skills:
 + Level 2.0 Fighting
 - Level 5.2 Ranged Weapons
 - Level 2.1 Dodging
 - Level 1.0 Spellcasting
 - Level 2.0 Hexes


You had 4 spell levels left.
You knew the following spells:

 Your Spells              Type           Power      Damage    Failure   Level
a - Slow                  Hex            16%        N/A       16%         1

Your spell library contained the following spells:

 Spells                   Type           Power      Damage    Failure   Level
 Inner Flame              Hex/Fire       2%         N/A       56%         3
 Portal Projectile        Hex/Tloc       4%         N/A       56%         3
 Cause Fear               Hex            2%         N/A       83%         4

Inventory:

Hand Weapons
 Y - a +2 sling (weapon)
Armour
 c - a +0 robe (worn)
Jewellery
 e - a ring of ice
Potions
 f - a potion of mutation {unknown}
 g - a potion of attraction {unknown}
 h - a potion of might {unknown}
 j - a potion of curing {unknown}

Dungeon Overview and Level Annotations

Branches:
Dungeon (3/15)

Altars:
Makhleb


Message History

The scorpion is heavily wounded.
You feel very sick.
The scorpion stings you but does no damage.
You shoot a sling bullet.
The sling bullet hits the scorpion but does no damage.
The scorpion is heavily wounded.
You feel sick. The scorpion stings you!
1608 ||| DRINKING potion of heal wounds.
You feel much better.
You feel sick. The scorpion barely misses you. The scorpion stings you.
You shoot a sling bullet.
The sling bullet barely misses the scorpion.
You feel sick.
The scorpion stings you but does no damage.
You shoot a sling bullet.
The sling bullet hits the scorpion but does no damage.
The scorpion is heavily wounded.
You feel sick. The scorpion stings you. The scorpion closely misses you.
You shoot a sling bullet. The sling bullet hits the scorpion.
The scorpion is almost dead.
You feel sick. The scorpion stings you.
You are lethally poisoned!
The scorpion poisons you!
You shoot a sling bullet.
The sling bullet hits the scorpion but does no damage.
The scorpion is almost dead.
You feel very sick. The scorpion stings you.
You are more poisoned.
The scorpion poisons you!
You shoot a sling bullet.
The sling bullet closely misses the scorpion.
You feel very sick. The scorpion misses you. The scorpion closely misses you.
You furiously retaliate!
You headbutt the scorpion.
You kill the scorpion!
Your Ranged Weapons skill increases to level 5!
You have reached level 4!
You feel stronger.
There is a lethal amount of poison in your body!
You die...

..#..## .#... ....
#..#######
####........s
#.....# #.###.#
##.###.#######
#....@........
#..###........
..#####.<###.######.
.............#
.######....<.#
........######
#########


There were no monsters in sight!

Vanquished Creatures
  A scorpion (D:3)
  An adder (D:2)
  A dart slug (D:2)
  5 endoplasms
  A giant cockroach (D:2)
  2 goblins (D:1)
  3 hobgoblins
  5 jackals
  4 quokkas
  11 ball pythons
  4 bats
  A frilled lizard (D:1)
  2 kobolds (D:1)
  3 rats (D:1)
44 creatures vanquished.

Notes
Turn   | Place    | Note
-------+----------+-------------------------------------------
     0 | D:1      | qw the Minotaur Hexslinger began the quest for the Orb.
     0 | D:1      | Reached XP level 1. HP: 16/16 MP: 1/1
     0 | D:1      | 0 ||| qw: Version: 0.3-a-52-g30416fa
     0 | D:1      | 0 ||| qw: Game counter: 5697
     0 | D:1      | 0 ||| qw: Melee chars always use a shield: true
     0 | D:1      | 0 ||| qw: God list: Okawaru
     0 | D:1      | 0 ||| qw: Allow faded altars: false
     0 | D:1      | 0 ||| qw: Do Orc after clearing Dungeon:15 true
     0 | D:1      | 0 ||| qw: Do second Lair branch before Depths: true
     0 | D:1      | 0 ||| qw: Lair rune preference: random
     0 | D:1      | 0 ||| qw: Goals: Normal
     0 | D:1      | 0 ||| PLANNING D:1-11
   132 | D:1      | Reached skill level 3 in Ranged Weapons
   133 | D:1      | Reached XP level 2. HP: 23/23 MP: 2/2
   789 | D:1      | 789 ||| READING scroll labelled OSMAD ISIUCO.
   790 | D:1      | 790 ||| READING scroll labelled QAKIEPEUFO.
   795 | D:1      | 795 ||| DROPPING scroll of poison.
   869 | D:2      | Found a faded altar of an unknown god.
   885 | D:2      | Reached XP level 3. HP: 29/29 MP: 3/3
  1018 | D:2      | Found a burning altar of Makhleb.
  1100 | D:2      | Reached skill level 4 in Ranged Weapons
  1536 | D:2      | 1536 ||| READING 2 scrolls labelled UKO RUYDALEMITH.
  1537 | D:2      | 1537 ||| READING scroll labelled DAB OTODOIG.
  1538 | D:2      | 1538 ||| READING scroll labelled JEGGEL XOCVIRGH.
  1539 | D:2      | 1539 ||| DRINKING 2 brown potions.
  1540 | D:2      | 1540 ||| DROPPING scroll of vulnerability.
  1595 | D:3      | Noticed a scorpion
  1596 | D:3      | 1596 ||| FLEEEEING.
  1607 | D:3      | HP: 4/29 [scorpion (7)]
  1608 | D:3      | 1608 ||| DRINKING potion of heal wounds.
  1612 | D:3      | HP: 7/29 [scorpion (1)]
  1613 | D:3      | HP: 2/29 [poisoned by a scorpion]
  1613 | D:3      | Killed a scorpion
  1614 | D:3      | Reached skill level 5 in Ranged Weapons
  1614 | D:3      | Reached XP level 4. HP: 2/36 MP: 4/4
  1614 | D:3      | Succumbed to a scorpion's poison

Levels and vault maps discovered:
D:1:      mushboom_english_gardens, layout_basic, minivault_24,
          minmay_tetromino_o4
D:2:      layout_loops_ring, basic_altar, basic_ecumenical_altar
D:3:      layout_loops_ring, nicolae_tso_swordbearing_angel, zin_statuary,
          nicolae_uskayaw_suspiria

Skill      XL: |  1  2  3 |
---------------+----------+-----
Ranged Weapons | 3 5 |  5.2
Fighting       | 2 |  2.0
Dodging        | |  2.1
Spellcasting   | |  1.0
Hexes          | |  2.0

Action                     |  1- 3 |  4- 6 || total
---------------------------+-------+-------++-------
   Fire: Sling             |   127 |       ||   127
    Use: Scroll            |     5 |       ||     5
         Potion            |     2 |       ||     2
 Armour: Robe              |    12 |       ||    12
  Dodge: Dodged            |    49 |       ||    49

Table legend:
 A = Non-vault XP
 B = Vault XP
 C = Vault XP percentage of total XP
 D = Non-vault monster count
 E = Vault monster count
 F = Vault count percentage of total count
                 A         B        C        D         E       F
            +---------+---------+-------+---------+---------+-------
      Total |     155 |       7 |   4.3 |      40 |       4 |   9.1
            +---------+---------+-------+---------+---------+-------
        D:1 |      25 |       7 |  21.9 |      18 |       4 |  18.2
        D:2 |      48 |       0 |   0.0 |      19 |       0 |   0.0
        D:3 |      82 |       0 |   0.0 |       3 |       0 |   0.0
            +---------+---------+-------+---------+---------+-------
